 Dungeon Crawl Stone Soup version 0.27.1-34-g3ba077fa99 (webtiles) character file.

Game seed: 12538486349920832179

49 backslashecho the Poker (level 3, -1/35 HPs)
             Began as a Gnoll Chaos Knight on Jan 2, 2022.
             Was a Plaything of Xom.
             Slain by a salamander (shapeshifter) (11 damage)
             ... led by Robin
             ... on level 2 of the Dungeon.
             The game lasted 00:04:22 (1782 turns).

backslashecho the Poker (Gnoll Chaos Knight)        Turns: 1782, Time: 00:04:22

Health: -1/35      AC:  6    Str: 11    XL:     3   Next: 77%
Magic:  4/4        EV: 10    Int: 12    God:    Xom [*.....]
Gold:   48         SH:  0    Dex: 11    Spells: 3/3 levels left

rFire    . . .     SeeInvis .   a - +0 spear (chaos)
rCold    . . .     Faith    .   (no shield)
rNeg     . . .     Spirit   .   d - +0 ring mail
rPois    .         Reflect  .   (no helmet)
rElec    .         Harm     .   (no cloak)
rCorr    .         Rampage  .   (no gloves)
Will     .....                  (no boots)
Stlth    +.........             (no amulet)
HPRegen  0.11/turn              (no ring)
MPRegen  0.09/turn              (no ring)

@: no status effects
A: fangs 1, strong nose, distributed training
a: Renounce Religion


You were on level 2 of the Dungeon.
You worshipped Xom.
You were a special plaything of Xom.
You visited 1 branch of the dungeon, and saw 2 of its levels.

You collected 48 gold pieces.

Inventory:

Hand Weapons
 a - a +0 spear of chaos (weapon)
Armour
 d - a +0 ring mail (worn)
Scrolls
 b - a scroll of magic mapping {unknown}
 c - a scroll of fear {unknown}
 e - 2 scrolls of teleportation
 f - a scroll of fog {unknown}
 i - a scroll of enchant weapon {unknown}
Potions
 g - a potion of heal wounds {unknown}
 h - a potion of resistance {unknown}


   Skills:
 + Level 6.5 Fighting
 + Level 0.9 Short Blades
 + Level 0.9 Long Blades
 + Level 0.9 Axes
 + Level 0.9 Maces & Flails
 + Level 6.5 Polearms
 + Level 0.9 Staves
 + Level 0.9 Slings
 + Level 0.9 Bows
 + Level 0.9 Crossbows
 + Level 0.9 Throwing
 + Level 4.5 Armour
 + Level 2.6 Dodging
 + Level 0.9 Stealth
 + Level 0.9 Shields
 + Level 0.9 Unarmed Combat
 + Level 0.9 Spellcasting
 + Level 0.6 Conjurations
 + Level 0.6 Hexes
 + Level 0.6 Summonings
 + Level 0.6 Necromancy
 + Level 0.6 Translocations
 + Level 0.6 Transmutations
 + Level 0.6 Fire Magic
 + Level 0.6 Ice Magic
 + Level 0.6 Air Magic
 + Level 0.6 Earth Magic
 + Level 0.6 Poison Magic
 + Level 1.0 Invocations
 + Level 0.9 Evocations


You had 3 spell levels left.
You didn't know any spells.
Your spell library was empty.

Dungeon Overview and Level Annotations

Branches:
Dungeon (2/15)

Altars:


Innate Abilities, Weirdness & Mutations

You have very sharp teeth.
Your uncanny sense of smell can sniff out nearby items.
Your experience applies equally to all skills.


Message History

Things that are here:
a +0 dagger; a goblin skeleton
Found 2 scrolls labelled SIUHAMP RYESEB.
Found a pair of runed boots.
You see here a +1 pair of boots.
Found 13 gold pieces.
No target in view!
You see here 13 gold pieces.
Found a wooden wand.
A goblin comes into view. It is wielding a +0 club.
A goblin is nearby!
A goblin is nearby!
You reach to attack!
You strike the helpless goblin from behind!
You hit the goblin.
You kill the goblin!
No target in view!
No target in view!
You see here a +0 club.
A hobgoblin comes into view.
A hobgoblin is nearby!
The hobgoblin shouts!
A bat comes into view.
You hit the hobgoblin.
The hobgoblin changes into a shapeshifter!
The shapeshifter is lightly wounded.
The shapeshifter changes into a salamander!
You completely miss the salamander. You completely miss the salamander.
The salamander hits you.
You are engulfed in flames!
You take 19 damage, and have 16/35 hp.
MASSIVE DAMAGE!!
There are monsters nearby!
You are too injured to fight recklessly!
You hit the salamander.
The salamander goes berserk!
The salamander is lightly wounded.
The salamander hits you.
* * * LOW HITPOINT WARNING * * *
You are engulfed in flames!
You die...
Xom chuckles heartily!

#......# ###.#.##.#.....
#.#.##.# #.#..........
####.#.##.## ### #......#.....
............ ..# ########...$.
###.###...... #.# #.####
#.....#..###.# #.# #.#
#†....#.## .##.# #.# ........#
#.#N## #.# #...>.#.# #.#@.#
#.# #.....#.####.#b..#.## #.#
###(###.b.....#.###.# #.#
..........##.##..#.#########.#
###.........# ###............#
#....<..# #..##.....#..#
#.......# ####....#....#..# #
#.......# ##........#..#..## #
#.......###)..#.....###...#


You could see a salamander shaped shifter (berserk) and a bat.

Vanquished Creatures
  Robin (D:2)
  2 ball pythons (D:2)
  4 endoplasms
  3 hobgoblins (D:2)
  4 jackals (D:2)
  A kobold (D:1)
  A quokka (D:1)
  3 bats (D:2)
  10 goblins (D:2)
  4 rats
33 creatures vanquished.

Notes
Turn   | Place    | Note
-------+----------+-------------------------------------------
     0 | D:1      | backslashecho the Gnoll Chaos Knight began the quest for
                  | the Orb.
     0 | D:1      | Reached XP level 1. HP: 23/23 MP: 1/1
   349 | D:1      | XOM: butterfly on damage
   753 | D:1      | XOM: enchant monster (good)
   757 | D:1      | Reached XP level 2. HP: 29/29 MP: 2/2
  1064 | D:2      | Noticed Robin
  1078 | D:2      | Killed Robin
  1079 | D:2      | Reached XP level 3. HP: 22/35 MP: 3/3
  1265 | D:2      | Found a faded altar of an unknown god.
  1290 | D:2      | Reached skill level 1 in Invocations
  1391 | D:2      | XOM: god gift: scroll labelled PUDUESILAI {god gift}
  1394 | D:2      | XOM: cast spell 'Leda's Liquefaction'
  1779 | D:2      | Noticed a shapeshifter
  1779 | D:2      | a hobgoblin changed into a shapeshifter
  1779 | D:2      | Noticed a salamander
  1779 | D:2      | a shapeshifter changed into a salamander
  1782 | D:2      | Slain by a salamander (shapeshifter)

Illustrated notes

Levels and vault maps discovered:
D:1:      matt_arrival_diagonals, layout_basic
D:2:      layout_loops_cross, ebering_ecumenical_altar_mist,
          minmay_misc_feat_chi, st_stairs_3, uniq_robin

Skill      XL: |  1  2  3 |
---------------+----------+-----
Invocations    | 1 |  1.0
Fighting       | |  6.5
Short Blades   | |  0.9
Long Blades    | |  0.9
Axes           | |  0.9
Maces & Flails | |  0.9
Polearms       | |  6.5
Staves         | |  0.9
Slings         | |  0.9
Bows           | |  0.9
Crossbows      | |  0.9
Throwing       | |  0.9
Armour         | |  4.5
Dodging        | |  2.6
Stealth        | |  0.9
Shields        | |  0.9
Unarmed Combat | |  0.9
Spellcasting   | |  0.9
Conjurations   | |  0.6
Hexes          | |  0.6
Summonings     | |  0.6
Necromancy     | |  0.6
Translocations | |  0.6
Transmutations | |  0.6
Fire Magic     | |  0.6
Ice Magic      | |  0.6
Air Magic      | |  0.6
Earth Magic    | |  0.6
Poison Magic   | |  0.6
Evocations     | |  0.9

Action                   || total
-------------------------++-------
Melee: Spear             ||   101
       Bite              ||     7
  Use: Scroll            ||     1
 Stab: Paralysed         ||     1
       Distracted        ||     1
Armor: Ring mail         ||    20
       Leather armour    ||     1
Dodge: Dodged            ||    17
